PCL
NASHVILLE SOUNDS @ RENO ACES
05/11/2099
 
TOP OF THE 1ST
Nashville Sounds batting - Pitching for Reno Aces : RHP Victor Solis
Pitching: RHP Victor Solis
Batting: LHB Chris West 0-0: Ball
1-0: Swinging Strike
1-1: Ball
2-1: Ball
3-1: Foul Ball, location: 2F
3-2: Foul Ball, location: 5FF
3-2: Strikes out swinging
Batting: RHB Mike Gohring 0-0: Called Strike
0-1: Foul Ball, location: 9LDF
0-2: Foul Ball, location: 2RF
0-2: Ball
1-2: Foul Ball, location: 2F
1-2: Ball
2-2: Fly out, F8 (Flyball, 8RD, EV 96.3 MPH)
Batting: LHB Mike Lucas 0-0: Swinging Strike
0-1: Ball
1-1: Foul Ball, location: 2F
1-2: Ball
2-2: Ball
3-2: Fly out, F7 (Flyball, 78S, EV 86.3 MPH)
Top of the 1st over - 0 runs, 0 hits, 0 errors, 0 left on base; Nashville 0 - Reno 0
BOTTOM OF THE 1ST
Reno Aces batting - Pitching for Nashville Sounds : RHP Pete Friedman
Pitching: RHP Pete Friedman
Batting: LHB Josh Jessey 0-0: Foul Ball, location: 5FF
0-1: Ball
1-1: Ground out 4-3 (Groundball, 34, EV 101.9 MPH)
Batting: RHB Bobby Bye 0-0: DOUBLE (Flyball, 78D, EV 95.0 MPH)
Batting: RHB Thomas Montgomery 0-0: Called Strike
0-1: Ball
1-1: Called Strike
1-2: Strikes out swinging
Batting: SHB Macario Castro 0-0: Ball
1-0: 2-RUN HOME RUN (Flyball, 89XD, EV 111.9 MPH), Distance : 431 ft
Batting: RHB Jeff Sanfillipo 0-0: Ball
1-0: DOUBLE (Line Drive, 8RXD, EV 103.1 MPH)
Batting: RHB Jim Unknown 0-0: Called Strike
0-1: Ball
1-1: Swinging Strike
1-2: Foul Ball, location: 9LSF
1-2: Strikes out swinging
Bottom of the 1st over - 2 runs, 3 hits, 0 errors, 1 left on base; Nashville 0 - Reno 2
TOP OF THE 2ND
Nashville Sounds batting - Pitching for Reno Aces : RHP Victor Solis
Batting: SHB Danny Jaworski 0-0: Called Strike
0-1: Foul Ball, location: 2RF
0-2: Ball
1-2: Fly out, F9 (Flyball, 89M, EV 93.8 MPH)
Batting: LHB Billy Stengel 0-0: Ball
1-0: Ball
2-0: Ball
3-0: Called Strike
3-1: Called Strike
3-2: DOUBLE (Flyball, 8RXD, EV 105.6 MPH)
Batting: RHB Greg Horst 0-0: Ball
1-0: Called Strike
1-1: SINGLE (Groundball, 6M, EV 95.6 MPH)
Billy Stengel to third
Runner from 3rd tries for Home, SAFE, throw by CF to home
Batting: RHB Malachi Bazile 0-0: Ball
1-0: Ball
2-0: Called Strike
2-1: Fielders Choice at 2nd, 6-4 (Groundball, 6, EV 90.0 MPH)
Batting: RHB Parker Sanburn Jr. 0-0: Foul Ball, location: 7LSF
0-1: Called Strike
Malachi Bazile steals 2nd base
0-2: Strikes out swinging
Top of the 2nd over - 1 run, 2 hits, 0 errors, 1 left on base; Nashville 1 - Reno 2
BOTTOM OF THE 2ND
Reno Aces batting - Pitching for Nashville Sounds : RHP Pete Friedman
Batting: SHB Jim Unknown 0-0: Ball
1-0: Ground out 1-3 (Groundball, 15S, EV 87.5 MPH)
Batting: SHB Jim Unknown 0-0: Ground out U3 (Groundball, 13, EV 88.8 MPH)
Batting: RHB Jim Unknown 0-0: Fly out, F7 (Flyball, 78M, EV 90.0 MPH)
Bottom of the 2nd over - 0 runs, 0 hits, 0 errors, 0 left on base; Nashville 1 - Reno 2
TOP OF THE 3RD
Nashville Sounds batting - Pitching for Reno Aces : RHP Victor Solis
Batting: RHB Chris Bell 0-0: Ball
1-0: Swinging Strike
1-1: Ball
2-1: Called Strike
2-2: Strikes out swinging
Batting: LHB Chris West 0-0: Called Strike
0-1: Foul Ball, location: 2F
0-2: Ground out 4-3 (Groundball, 4, EV 76.9 MPH)
Batting: RHB Mike Gohring 0-0: Swinging Strike
0-1: Foul Ball, location: 3F
0-2: Ball
1-2: Foul Ball, location: 25F
1-2: Fly out, F8 (Flyball, 8RXD, EV 101.3 MPH)
Top of the 3rd over - 0 runs, 0 hits, 0 errors, 0 left on base; Nashville 1 - Reno 2
BOTTOM OF THE 3RD
Reno Aces batting - Pitching for Nashville Sounds : RHP Pete Friedman
Batting: LHB Josh Jessey 0-0: Called Strike
0-1: Ball
1-1: Ball
2-1: Ball
3-1: Fly out, F4 (Popup, 3S, EV 80.0 MPH)
Batting: RHB Bobby Bye 0-0: Called Strike
0-1: Foul Ball, location: 3FF
0-2: Ball
1-2: Ball
2-2: Ball
3-2: Base on Balls
Batting: RHB Thomas Montgomery 0-0: Ball
1-0: Fly out, F7 (Flyball, 7, EV 81.3 MPH)
Batting: SHB Macario Castro 0-0: Foul Ball, location: 9LMF
0-1: Ball
1-1: Ball
2-1: Called Strike
2-2: Ball
3-2: SINGLE (Groundball, 4, EV 81.3 MPH)
Bobby Bye to second
Bobby Bye to third
Batting: RHB Jeff Sanfillipo 0-0: DOUBLE (Line Drive, 78D, EV 103.1 MPH)
Bobby Bye scores
Macario Castro to third
Batting: RHB Jim Unknown 0-0: Ball
Passed Ball!
Macario Castro scores
Jeff Sanfillipo to third
1-0: Ball
2-0: Foul Ball, location: 5FF
2-1: Ball
3-1: Swinging Strike
3-2: Strikes out swinging
Bottom of the 3rd over - 2 runs, 2 hits, 0 errors, 1 left on base; Nashville 1 - Reno 4
TOP OF THE 4TH
Nashville Sounds batting - Pitching for Reno Aces : RHP Victor Solis
Batting: LHB Mike Lucas 0-0: Called Strike
0-1: Ball
1-1: Ball
2-1: Foul Ball, location: 5SF
2-2: Ball
3-2: Base on Balls
Batting: SHB Danny Jaworski 0-0: Called Strike
0-1: Fly out, F8 (Flyball, 89D, EV 109.4 MPH)
Batting: LHB Billy Stengel 0-0: Ball
1-0: Foul Ball, location: 23F
1-1: Ball
2-1: Called Strike
2-2: Fly out, F7 (Line Drive, 7, EV 110.6 MPH)
Batting: RHB Greg Horst 0-0: Called Strike
0-1: Ball
1-1: Ball
2-1: Foul Ball, location: 2F
2-2: Strikes out swinging
Top of the 4th over - 0 runs, 0 hits, 0 errors, 1 left on base; Nashville 1 - Reno 4
BOTTOM OF THE 4TH
Reno Aces batting - Pitching for Nashville Sounds : RHP Pete Friedman
Batting: SHB Jim Unknown 0-0: Called Strike
0-1: Ball
1-1: Ball
2-1: Ball
3-1: Fly out, F9 (Flyball, 89S, EV 78.8 MPH)
Batting: SHB Jim Unknown 0-0: Ball
1-0: Foul Ball, location: 2F
1-1: Ball
2-1: Ball
3-1: Base on Balls
Batting: RHB Jim Unknown 0-0: Called Strike
0-1: Ball
1-1: Swinging Strike
1-2: SINGLE (Line Drive, 4MD, EV 108.1 MPH)
Jim Unknown to second
Batting: LHB Josh Jessey 0-0: Called Strike
0-1: Ball
1-1: Ball
2-1: Called Strike
2-2: SINGLE (Line Drive, 3D, EV 98.8 MPH)
Jim Unknown to third
Jim Unknown to second
Batting: RHB Bobby Bye 0-0: Swinging Strike
0-1: Ball
1-1: Foul Ball, location: 2F
1-2: Ball
2-2: Ball
3-2: Foul Ball, location: 2F
3-2: Foul Ball, location: 2F
3-2: Strikes out looking
Batting: RHB Thomas Montgomery 0-0: Ball
1-0: Ball
2-0: Foul Ball, location: 9LSF
2-1: Foul Ball, location: 7LSF
2-2: Fly out, F7 (Flyball, 78M, EV 83.8 MPH)
Bottom of the 4th over - 0 runs, 2 hits, 0 errors, 3 left on base; Nashville 1 - Reno 4
TOP OF THE 5TH
Nashville Sounds batting - Pitching for Reno Aces : RHP Victor Solis
Batting: RHB Malachi Bazile 0-0: Foul Ball, location: 2F
0-1: Swinging Strike
0-2: Ball
1-2: Ball
2-2: Strikes out swinging
Batting: RHB Parker Sanburn Jr. 0-0: Foul Ball, location: 2F
0-1: Ball
1-1: Foul Ball, location: 2F
1-2: Foul Ball, location: 25F
1-2: Ball
2-2: Strikes out looking
Batting: RHB Chris Bell 0-0: Foul Ball, location: 3FF
0-1: Ball
1-1: Swinging Strike
1-2: Ball
2-2: Fly out, F7 (Flyball, 7, EV 90.0 MPH)
Top of the 5th over - 0 runs, 0 hits, 0 errors, 0 left on base; Nashville 1 - Reno 4
BOTTOM OF THE 5TH
Reno Aces batting - Pitching for Nashville Sounds : RHP Pete Friedman
Batting: SHB Macario Castro 0-0: Ball
1-0: SINGLE (Groundball, 6MD, EV 110.6 MPH)
Batting: RHB Jeff Sanfillipo 0-0: SINGLE (Line Drive, 4M, EV 98.8 MPH)
Macario Castro to second
Runner from 2nd tries for 3rd, SAFE, throw by CF made to third
Batting: RHB Jim Unknown 0-0: Called Strike
0-1: Swinging Strike
0-2: Ball
1-2: Ball
2-2: Strikes out looking
Batting: SHB Jim Unknown 0-0: Foul Ball, location: 7LSF
0-1: Swinging Strike
0-2: Ball
1-2: Ball
2-2: Fly out, F4 (Popup, 34, EV 83.8 MPH)
Batting: SHB Jim Unknown 0-0: Ball
1-0: Called Strike
1-1: Ball
2-1: Ground out 6-3 (Groundball, P, EV 81.9 MPH)
Bottom of the 5th over - 0 runs, 2 hits, 0 errors, 2 left on base; Nashville 1 - Reno 4
TOP OF THE 6TH
Nashville Sounds batting - Pitching for Reno Aces : RHP Victor Solis
Batting: LHB Chris West 0-0: Fly out, F7 (Flyball, 7S, EV 86.9 MPH)
Batting: RHB Mike Gohring 0-0: Ball
1-0: Ball
2-0: Called Strike
2-1: Called Strike
2-2: Ball
3-2: SINGLE (Line Drive, 7S, EV 95.6 MPH)
Batting: LHB Mike Lucas 0-0: Called Strike
0-1: Called Strike
0-2: Ball
1-2: Foul Ball, location: 7LDF
1-2: Foul Ball, location: 3DF
1-2: Strikes out looking
Batting: SHB Danny Jaworski 0-0: Ball
Mike Gohring steals 2nd base
1-0: Ball
2-0: Ball
3-0: Base on Balls
Batting: LHB Billy Stengel 0-0: Called Strike
0-1: Ball
1-1: Called Strike
1-2: Fly out, F8 (Flyball, 8LD, EV 98.8 MPH)
Top of the 6th over - 0 runs, 1 hit, 0 errors, 2 left on base; Nashville 1 - Reno 4
BOTTOM OF THE 6TH
Reno Aces batting - Pitching for Nashville Sounds : RHP Pete Friedman
Batting: RHB Jim Unknown 0-0: Fly out, F7 (Flyball, 7D, EV 110.0 MPH)
Batting: LHB Josh Jessey 0-0: Called Strike
0-1: Ball
1-1: Called Strike
1-2: Foul Ball, location: 2F
1-2: DOUBLE (Flyball, 8RXD, EV 100.6 MPH)
Batting: RHB Bobby Bye 0-0: Ball
1-0: Ball
2-0: Hit by Pitch
Batting: RHB Thomas Montgomery 0-0: DOUBLE (Line Drive, 78D, EV 103.8 MPH)
Josh Jessey scores
Bobby Bye to third
Batting: SHB Macario Castro 0-0: Foul Ball, location: 9LSF
0-1: Ball
1-1: Ball
2-1: 3-RUN HOME RUN (Flyball, 9D, EV 108.8 MPH), Distance : 407 ft
Pitching: RHP Tom Stickles
Batting: RHB Jeff Sanfillipo 0-0: Fly out, F9 (Flyball, 9S, EV 89.4 MPH)
Batting: RHB Jim Unknown 0-0: Called Strike
0-1: Ball
1-1: Foul Ball, location: 2F
1-2: Fly out, F5 (Popup, 25, EV 79.4 MPH)
Bottom of the 6th over - 4 runs, 3 hits, 0 errors, 0 left on base; Nashville 1 - Reno 8
TOP OF THE 7TH
Nashville Sounds batting - Pitching for Reno Aces : RHP Victor Solis
Batting: RHB Greg Horst 0-0: Ground out 6-3 (Groundball, 6, EV 81.3 MPH)
Batting: RHB Malachi Bazile 0-0: Ball
1-0: Ball
2-0: Ground out 5-3 (Groundball, 56, EV 84.4 MPH)
Batting: RHB Parker Sanburn Jr. 0-0: Called Strike
0-1: Ball
1-1: Foul Ball, location: 7LMF
1-2: Ball
2-2: SINGLE (Line Drive, 56, EV 97.5 MPH)
Pitching: LHP Dylan Cliff
Batting: RHB Chris Bell 0-0: Ball
1-0: Ball
2-0: Ball
3-0: Called Strike
3-1: Ground out 4-3 (Groundball, 4, EV 85.0 MPH)
Top of the 7th over - 0 runs, 1 hit, 0 errors, 1 left on base; Nashville 1 - Reno 8
BOTTOM OF THE 7TH
Reno Aces batting - Pitching for Nashville Sounds : RHP Tom Stickles
Pinch Hitting: RHB Jim Unknown 0-0: Ball
1-0: Ball
2-0: Foul Ball, location: 2F
2-1: Ground out 4-3 (Groundball, 4MD, EV 108.1 MPH)
Batting: SHB Jim Unknown 0-0: Ball
1-0: Ball
2-0: Foul Ball, location: 7LMF
2-1: Swinging Strike
2-2: Ball
3-2: Base on Balls
Batting: RHB Jim Unknown 0-0: Ball
1-0: Foul Ball, location: 5SF
1-1: Called Strike
1-2: Foul Ball, location: 5DF
1-2: Strikes out swinging
Batting: LHB Josh Jessey 0-0: Ball
1-0: Ball
2-0: Ball
3-0: Called Strike
3-1: Base on Balls
Jim Unknown to second
Pinch Hitting: RHB Jim Unknown 0-0: SINGLE (Line Drive, 78S, EV 97.5 MPH)
Jim Unknown to third
Josh Jessey to second
Runner from 3rd tries for Home, SAFE, throw by LF to home
Batting: RHB Thomas Montgomery 0-0: Called Strike
0-1: Foul Ball, location: 2F
0-2: Foul Ball, location: 3DF
0-2: Reaches on Catchers interference
Josh Jessey to third
Jim Unknown to second
Batting: SHB Macario Castro 0-0: Ball
1-0: Swinging Strike
1-1: Ball
2-1: Ball
3-1: Base on Balls
Josh Jessey scores
Jim Unknown to third
Thomas Montgomery to second
Batting: RHB Jeff Sanfillipo 0-0: Called Strike
0-1: Called Strike
0-2: Ball
1-2: Fielders Choice at 2nd, 5-4 (Groundball, 56, EV 88.1 MPH)
Bottom of the 7th over - 2 runs, 1 hit, 1 error, 3 left on base; Nashville 1 - Reno 10
TOP OF THE 8TH
Nashville Sounds batting - Pitching for Reno Aces : LHP Dylan Cliff
Now at 1B: Jim Unknown
Now in CF: Jim Unknown
Pinch Hitting: RHB Tony Hernandez 0-0: Fly out, F8 (Flyball, 8LD, EV 110.6 MPH)
Batting: RHB Mike Gohring 0-0: Ball
1-0: Ball
2-0: Called Strike
2-1: Fly out, F8 (Flyball, 8LXD, EV 96.9 MPH)
Batting: LHB Mike Lucas 0-0: Ball
1-0: Called Strike
1-1: Ground out 4-3 (Groundball, 4, EV 89.4 MPH)
Top of the 8th over - 0 runs, 0 hits, 0 errors, 0 left on base; Nashville 1 - Reno 10
BOTTOM OF THE 8TH
Reno Aces batting - Pitching for Nashville Sounds : RHP Tom Stickles
Now at 1B: Tony Hernandez
Batting: RHB Jim Unknown 0-0: Called Strike
0-1: Ball
1-1: Swinging Strike
1-2: Ball
2-2: Ball
3-2: Fly out, F5 (Line Drive, 5L, EV 69.4 MPH)
Batting: RHB Jim Unknown 0-0: Ball
1-0: Foul Ball, location: 2F
1-1: Foul Ball, location: 23FF
1-2: Strikes out looking
Batting: SHB Jim Unknown 0-0: Ball
1-0: Ball
2-0: Ball
3-0: Called Strike
3-1: Ground out 5-3 (Groundball, 5L, EV 87.5 MPH)
Bottom of the 8th over - 0 runs, 0 hits, 0 errors, 0 left on base; Nashville 1 - Reno 10
TOP OF THE 9TH
Nashville Sounds batting - Pitching for Reno Aces : LHP Dylan Cliff
Batting: SHB Danny Jaworski 0-0: Called Strike
0-1: Ball
1-1: Ground out 5-3 (Groundball, 56, EV 87.5 MPH)
Batting: LHB Billy Stengel 0-0: Called Strike
0-1: Foul Ball, location: 2F
0-2: Strikes out swinging
Batting: RHB Greg Horst 0-0: Called Strike
0-1: Fly out, F8 (Flyball, 8LD, EV 108.1 MPH)
Top of the 9th over - 0 runs, 0 hits, 0 errors, 0 left on base; Nashville 1 - Reno 10
Monday, May 6th , 2024 - OOTP Baseball 24.11 Build 85